 Dungeon Crawl Stone Soup version 0.17.2-1-ge4368a0 (webtiles) character file.

0 Alipheese the Stinger (level 1, -1/28 HPs)
             Began as a Naga Wanderer on May 25, 2019.
             Slain by a goblin (2 damage)
             ... on level 1 of the Dungeon.
             The game lasted 00:00:42 (165 turns).

Alipheese the Stinger (Naga Wanderer)                Turns: 165, Time: 00:00:43

Health: -1/28      AC: 20    Str: 15    XL:     1   Next: 10%
Magic:  0/2        EV:  1    Int: 12    God:
Gold:   0          SH:  0    Dex:  9    Spells: 1 memorised, 1 level left

rFire  . . .     SeeInvis +     a - +2 spear
rCold  . . .     Clarity  .     (armour currently unavailable)
rNeg   + + +     SustAt   .     (no shield)
rPois  +         Gourm    .     (helmet currently unavailable)
rElec  .         Spirit   .     (cloak currently unavailable)
rCorr  .         Warding  .     (gloves currently unavailable)
rMut   .         NoTele   +     (no barding)
MR     .....                    (no amulet)
Stlth  +.........               (no ring)
                                (no ring)

@: short of breath, tree-form, very slightly contaminated, not resistant to
hostile enchantments, very unstealthy
A: see invisible, (deformed body), (poison resistance), (slowness 0), slow
metabolism 1, spit poison 2, AC +0
a: Spit Poison


You were on level 1 of the Dungeon.
You were not hungry.
You were a tree.
You visited 1 branch of the dungeon, and saw 1 of its levels.


Innate Abilities, Weirdness & Mutations

You cannot wear boots.
((Your serpentine skin is tough (AC +0).))
You have supernaturally acute eyesight.
((Armour fits poorly on your strangely shaped body.))
((Your system is resistant to poisons.))
((You cover ground very slowly.))
You have a slow metabolism.
You can spit poison.

Inventory:

Hand Weapons
 a - a +2 spear (weapon)
Armour
 d - a +0 robe (melded)
Scrolls
 e - a scroll of amnesia {unknown}
 f - a scroll of teleportation {unknown}
 g - a scroll of blinking {unknown}
Books
 b - Otisma's Grimoire of Vitriolic Attacks

   Spells                             Type                      Level
   a - Sting                          Conjuration/Poison           1
   b - Mephitic Cloud                 Conjuration/Poison/Air       3
Comestibles
 h - a meat ration {!e}
 r - a bread ration {!e}


You had one spell level left.
You knew the following spells:

 Your Spells              Type           Power        Failure   Level  Hunger
a - Sting                 Conj/Pois      #...         12%         1    ##.....


   Skills:
 * Level 2.0 Fighting
 - Level 1.0 Throwing
 - Level 1.0 Armour
 * Level 1.0 Spellcasting
 - Level 5.3 Poison Magic
   Level 1.0 Evocations

Dungeon Overview and Level Annotations

Branches:
Dungeon (1/15)

Altars:

Vault maps used:
D:1:      dpeg_arrival_water_fire, kennysheep_another_room
You       could see 3 goblins.


Message History

A goblin comes into view.
There are monsters nearby!
There are monsters nearby!
You barely miss the goblin.
The goblin shouts!
The goblin hits you.
There are monsters nearby!
You lost 6 HP.
You have now: 13/19 HP.
You closely miss the goblin. The goblin hits you but does no damage.
You closely miss the goblin. The goblin barely misses you. The goblin hits you.
The goblin hits you.
You lost 3 HP.
You have now: 10/19 HP.
The goblin hits you.
You lost 3 HP.
You have now: 7/19 HP.
Press: ? - help, Shift-Dir - straight line, f - goblin
Aim: a goblin The splash of poison misses the goblin. x2
You feel slightly more hungry. The goblin hits you but does no damage.
Casting: Sting
Confirm with . or Enter, or press ? or * to list all spells.
Aiming: Sting
Press: ? - help, Shift-Dir - straight line, f/p - goblin
Aim: a goblin The sting hits the goblin.
The goblin is heavily wounded.
The goblin hits you.
You lost 4 HP.
You have now: 3/19 HP.
Casting: Sting
Confirm with . or Enter, or press ? or * to list all spells.
Aiming: Sting
Press: ? - help, Shift-Dir - straight line, f/p - goblin
Aim: a goblin (heavily wounded)
You miscast Sting.
You are very lightly contaminated with residual magic.
Wisps of smoke drift from your hands. The goblin closely misses you.
The goblin closely misses you.
Casting: Sting
Confirm with . or Enter, or press ? or * to list all spells.
You don't have enough magic to cast that spell.
Unknown command.
The goblin hits you.
* * * LOW HITPOINT WARNING * * *
You lost 2 HP.
You have now: 1/19 HP.
Unknown command.
Unknown command.
Drink which item? (? for menu, Esc to quit)
Really quaff
c - a potion of lignification {!q}?
You turn into a tree.
Your +0 robe melds into your body.
Your roots penetrate the ground.
The goblin hits you.
You die...

Action                   || total
-------------------------++-------
Melee: Spear             ||     5
 Cast: Sting             ||     2
 Abil: Spit Poison       ||     1
  Use: Potion            ||     1

Notes
Turn   | Place    | Note
--------------------------------------------------------------
     0 | D:1      | Alipheese the Naga Wanderer began the quest for the Orb.
     0 | D:1      | Alipheese set off with: a +2 spear, Otisma's Grimoire of Vitriolic Attacks, a potion of lignification {!q}, a +0 robe, a bread ration {!e}
     0 | D:1      | Reached XP level 1. HP: 19/19 MP: 2/2
     0 | D:1      | Identified Otisma's Grimoire of Vitriolic Attacks
     2 | D:1      | Learned a level 1 spell: Sting
   165 | D:1      | Slain by a goblin

Table legend:
 A = Turns spent in this place as a percentage of turns spent in the entire game.
 B = Non-inter-level travel turns spent in this place as a percentage of non-inter-level travel turns spent in the entire game.
 C = Inter-level travel turns spent in this place as a percentage of turns spent in this place.
 D = Turns resting spent in this place as a percentage of non-inter-level travel turns spent in this place.
 E = Turns spent auto-exploring this place as a percentage of non-inter-level travel turns spent in this place.
 F = Non-inter-level travel turns spent in this place divided by the number of levels of this place that you've seen.
                   A       B       C       D       E      F
               +-------+-------+-------+-------+-------+----------------------
         Total | 100.0 | 100.0 |   0.0 |   4.8 |  11.9 |  42.0
       Dungeon | 100.0 | 100.0 |   0.0 |   4.8 |  11.9 |  42.0
               +-------+-------+-------+-------+-------+----------------------

Table legend:
 A = Kills in this place as a percentage of kills in entire the game.
 B = Kills by you in this place as a percentage of kills by you in the entire game.
 C = Kills by friends in this place as a percentage of kills by friends in the entire game.
 D = Other kills in this place as a percentage of other kills in the entire game.
 E = Experience gained in this place as a percentage of experience gained in the entire game.
 F = Experience gained in this place divided by the number of levels of this place that you have seen.
                   A       B       C       D       E      F
               +-------+-------+-------+-------+-------+----------------------
         Total | 100.0 | 100.0 |  -nan |  -nan | 100.0 |   1.0
       Dungeon | 100.0 | 100.0 |  -nan |  -nan | 100.0 |   1.0
               +-------+-------+-------+-------+-------+----------------------

Vanquished Creatures
  A kobold (D:1)
1 creature vanquished.
